 Dungeon Crawl Stone Soup version 0.29-a0-222-g5b244fca1f (webtiles) character file.

Game seed: 14916644872097054760

49 ReploidZero the Shield-Bearer (level 3, -5/19 (20) HPs)
             Began as a Vine Stalker Fighter on Feb 27, 2022.
             Slain by Crazy Yiuf
             ... wielding a +3 quarterstaff of chaos
              (9 damage)
             ... on level 2 of the Dungeon.
             The game lasted 00:02:13 (1720 turns).

ReploidZero the Shield-Bearer (VSFi)                Turns: 1720, Time: 00:02:25

HP:   -5/19 (20)    AC:  6    Str: 20    XL:     3   Next: 75%
MP:   0/4           EV:  9    Int:  8    God:
Gold: 118           SH:  5    Dex: 19    Spells: 2/2 levels left

rFire   . . .      SeeInvis .   a - +1 flail
rCold   . . .      Faith    .   c - +0 buckler
rNeg    + . .      Spirit   +   b - +0 scale mail
rPois   .          Reflect  .   (no helmet)
rElec   .          Harm     .   (no cloak)
rCorr   .          Rampage  .   (no gloves)
Will    .....                   (no boots)
Stlth   ..........              (no amulet)
HPRegen 0.06/turn               e - +6 ring of dexterity
MPRegen 0.09/turn               f - ring of positive energy

@: mighty, drained
A: fangs 2, magic shield, antimagic bite, no potion heal 2
a: no special abilities


You were on level 2 of the Dungeon.
You visited 1 branch of the dungeon, and saw 2 of its levels.

You collected 118 gold pieces.

Inventory:

Hand Weapons
 a - a +1 flail (weapon)
Missiles
 g - 2 throwing nets (quivered)
Armour
 b - a +0 scale mail (worn)
 c - a +0 buckler (worn)
Jewellery
 e - a +6 ring of dexterity (left hand)
 f - a ring of positive energy (right hand)
Scrolls
 h - a scroll of teleportation {unknown}
 i - 2 scrolls of amnesia {unknown}
 j - a scroll of summoning
 m - a scroll of identify {unknown}
Potions
 d - a potion of might
 k - 2 potions of heal wounds {unknown}
 l - a potion of degeneration {unknown}


   Skills:
 + Level 3.1 Fighting
 + Level 2.3 Maces & Flails
 + Level 2.8 Armour
 + Level 3.1 Shields


You had 2 spell levels left.
You didn't know any spells.
Your spell library contained the following spells:

 Spells                   Type           Power      Damage    Failure   Level
 Gell's Gravitas          Tloc           0%         N/A       99%         3
 Teleport Other           Tloc           0%         N/A       99%         3
 Tukima's Dance           Hex            0%         N/A       99%         3
 Passage of Golubria      Tloc           0%         N/A       100%        4
 Yara's Violent Unravell  Hex/Tmut       0%         3d3       100%        5
 Dispersal                Tloc           0%         N/A       100%        6


Dungeon Overview and Level Annotations

Branches:
Dungeon (2/15)

Altars:

Annotations:
D:2 Crazy Yiuf


Innate Abilities, Weirdness & Mutations

You have extremely sharp teeth.
When hurt, damage is shared between your health and your magic reserves.
Your bite disrupts and absorbs the magic of your enemies.
Potions cannot restore your health.


Message History

You sock the rat!
You kill the rat!
No target in view!
No target in view!
A ball python comes into view.
The ball python hisses angrily.
A ball python is nearby!
A ball python is nearby!
A ball python is nearby!
You closely miss the ball python. You bite the ball python.
You kill the ball python!
No target in view!
Found a stone staircase leading down.
You see here a ball python corpse.
No target in view!
No target in view!
There is a stone staircase leading down here.
Found a mace.
Found a runed translucent door.
Crazy Yiuf shouts!
You see here a ball python corpse.
m - a scroll labelled NEATIB JUFURUO You see here a ball python skeleton.
Crazy Yiuf shouts!
You feel very mighty all of a sudden.
You open the door. You sock Crazy Yiuf!
Crazy Yiuf is moderately wounded.
You block Crazy Yiuf's attack.
You closely miss Crazy Yiuf. You bite Crazy Yiuf! You drain his power.
Crazy Yiuf is almost dead.
Crazy Yiuf cries, "Candle illywillydillykilly cloud!"
Crazy Yiuf hits you with a +3 quarterstaff of chaos!
You partially resist.
You feel drained. You block Crazy Yiuf's attack.
You barely miss Crazy Yiuf.
Crazy Yiuf is almost dead.
Crazy Yiuf screams, "Race childish sow!"
Crazy Yiuf hits you with a +3 quarterstaff of chaos!
* * * LOW HITPOINT WARNING * * *
You are electrocuted!
You die...

####....÷.#
##.#####
#>......###
#######.#
#.##.##.#
#.......#
#.#######
####.#### #.# #.#
#.# ##♣♣♣♣♣ #†#
#### #.###...♣.♣♣♣
### #.# #...
#........♣..♣#...#
#.# #.##
##......♣♣♣♣@g...#
#.# #.# ##.#..♣♣
♣♣#..)# ### #.#
####♣♣ ### #.#
#.## #... ###. #.
###. #...


You could see Crazy Yiuf.

Vanquished Creatures
  An adder (D:2)
  A worm (D:2)
  An endoplasm (D:2)
  A giant cockroach (D:2)
  A goblin (D:2)
  3 hobgoblins (D:1)
  3 jackals (D:1)
  4 kobolds
  4 quokkas
  4 ball pythons
  3 bats
  6 frilled lizards
  6 rats
38 creatures vanquished.

Notes
Turn   | Place    | Note
-------+----------+-------------------------------------------
     0 | D:1      | ReploidZero the Vine Stalker Fighter began the quest for
                  | the Orb.
     0 | D:1      | Reached XP level 1. HP: 11/11 MP: 2/2
   183 | D:1      | Reached XP level 2. HP: 15/16 MP: 3/3
   970 | D:2      | Reached XP level 3. HP: 19/19 MP: 4/4
  1011 | D:2      | Found a faded altar of an unknown god.
  1493 | D:2      | Found a runed translucent door.
  1494 | D:2      | Noticed Crazy Yiuf
  1720 | D:2      | Slain by Crazy Yiuf

Illustrated notes

Levels and vault maps discovered:
D:1:      lightli_arrival_boilingwater, layout_loops_ring
D:2:      layout_loops_cross, hellmonk_ecumenical_altar_crossroads,
          uniq_crazy_yiuf_cottage

Skill      XL: |  1  2  3 |
---------------+----------+-----
Maces & Flails | 2 |  2.3
Shields        | 3 |  3.1
Fighting       | 3 |  3.1
Armour         | |  2.8

Action                   || total
-------------------------++-------
Melee: Flail             ||    75
       Bite              ||    15
  Use: Scroll            ||     3
       Potion            ||     1
Armor: Scale mail        ||    32
Dodge: Dodged            ||    16
Block: Buckler           ||    17

Table legend: (Time is in decaauts)
 A = Elapsed time spent in this place.
 B = Non-inter-level travel time spent in this place.
 C = Inter-level travel time spent in this place.
 D = Time resting spent in this place.
 E = Time spent auto-exploring this place.
 F = Levels seen in this place.
 G = Mean time per level.
                   A        B        C        D        E       F      G
               +--------+--------+--------+--------+--------+-----+--------+
         Total |   1748 |   1714 |     34 |      0 |   1473 |   2 |  874.0 |
       Dungeon |   1748 |   1714 |     34 |      0 |   1473 |   2 |  874.0 |
               +--------+--------+--------+--------+--------+-----+--------+

Top non-repeatable levels by time:
     D:1: 983 daAuts
     D:2: 764 daAuts
